 Dungeon Crawl Stone Soup version 0.30.1-1-g62c8e00024 (webtiles) character file.

Game seed: 117476183136304742

77 monsoonserge the Conjurer (level 4, -6/33 HPs)
             Began as a Demonspawn Reaver on July 14, 2023.
             Killed by nerve-wracking pain
             ... invoked by Jessica
              (14 damage)
             ... on level 2 of the Dungeon.
             The game lasted 00:05:10 (1766 turns).

monsoonserge the Conjurer (Demonspawn Reaver)       Turns: 1766, Time: 00:05:10

Health: -6/33      AC:  3    Str: 12    XL:     4   Next: 14%
Magic:  7/7        EV:  6    Int: 17    God:
Gold:   119        SH: 15    Dex: 11    Spells: 6/7 levels left

rFire   . . .        e - +2 dagger (flame)
rCold   . . .        a - +0 tower shield
rNeg    . . .        b - +0 leather armour
rPois   .            (helmet restricted)
rElec   .            (no cloak)
rCorr   .            (no gloves)
SInv    .            (no boots)
Will    .....        f - amulet of reflection
Stlth   +            (no ring)
HPRegen 0.25/turn    (no ring)
MPRegen 0.10/turn

%: reflection
@: no status effects
A: antennae 1, claws 1, powered by pain 1
a: no special abilities


You were on level 2 of the Dungeon.
You visited 1 branch of the dungeon, and saw 2 of its levels.

You collected 119 gold pieces.

Inventory:

Hand Weapons
 e - a +2 dagger of flaming (weapon)
Missiles
 g - 4 poisoned darts
Armour
 a - a +0 tower shield (worn)
 b - a +0 leather armour (worn)
Jewellery
 f - an amulet of reflection (around neck)
Scrolls
 d - 4 scrolls of identify {unknown}
 h - a scroll of vulnerability {unknown}
 j - a scroll of immolation {unknown}
 k - a scroll of magic mapping {unknown}
 n - a scroll of fear {unknown}
Potions
 c - a potion of ambrosia {unknown}
 i - a potion of brilliance
 l - a potion of might {unknown}
 m - 2 potions of lignification {unknown}


   Skills:
 + Level 2.0 Fighting
 - Level 2.9 Maces & Flails
 * Level 1.9 Armour
 + Level 2.1 Dodging
 + Level 0.2 Stealth
 * Level 0.8 Shields
 * Level 0.4 Unarmed Combat
 - Level 2.0 Spellcasting
 + Level 3.2 Conjurations
 - Level 1.0 Necromancy


You had 6 spell levels left.
You knew the following spells:

 Your Spells              Type           Power      Damage    Failure   Level
a - Kiss of Death         Conj/Necr      32%        2d7       96%         1

Your spell library contained the following spells:

 Spells                   Type           Power      Damage    Failure   Level
 Momentum Strike          Conj/Tloc      14%        3d8       99%         2
 Freeze                   Ice            4%         1d3       100%        1
 Frozen Ramparts          Ice            2%         1d1       100%        3
 Hailstorm                Conj/Ice       7%         3d4       100%        3
 Tukima's Dance           Hex            1%         N/A       100%        3
 Passage of Golubria      Tloc           1%         N/A       100%        4
 Yara's Violent Unravell  Hex/Tmut       0%         3d3       100%        5


Dungeon Overview and Level Annotations

Branches:
Dungeon (2/15)

Altars:

Annotations:
D:2 1 runed translucent door, Crazy Yiuf, Jessica


Innate Abilities, Weirdness & Mutations

You have a pair of small antennae on your head.
You have sharp fingernails.
You sometimes gain a little power by taking damage.


Message History

You kill the orc!
The bat hits you. x2
You hit the bat. You burn the bat.
You kill the bat!
You now have 105 gold pieces (gained 3).
Items here: ( )))) †††.
You now have 109 gold pieces (gained 4).
You see here 5 stones.
Press: ? - help, v - describe, . - travel An orcish idol.
HP restored.
You now have 119 gold pieces (gained 10).
Found a leather armour.
Found two hammers.
Found two hammers.
Found three hammers.
You see here a +0 hammer.
You see here a +0 hammer.
Found a hammer.
Found a runed translucent door.
Crazy Yiuf shouts!
Crazy Yiuf says, "Seed sallow cloud!"
You see here a +0 hammer.
You see here a +0 dagger.
Found a stone staircase leading up.
Found a dagger.
Jessica the Apprentice Sorceress comes into view.
She is wielding a +0 club and carrying a wand of flame (10).
Jessica zaps a wand.
The puff of flame hits you!
Jessica looks very angry.
Jessica gestures wildly while chanting.
Jessica blinks!
Jessica points at you and mumbles some strange words.
Pain shoots through your body!
Jessica casts a spell.
Jessica blinks!
Jessica drinks a potion.
Jessica's spells are empowered!
Jessica zaps a wand.
The puff of flame hits you.
* * * LOW HITPOINT WARNING * * *
Jessica points at you and mumbles some strange words.
Pain shoots through your body!
You die...

###########################
..........@...@............
###########################
### #.... #.###########
#.###
#...........###########.#
#...........##..........#
#...........##.#######..#
#...........##.#######.<#
#.#####.######.#....##.####


You could see Jessica (empowered).

Vanquished Creatures
  2 adders (D:2)
  3 dart slugs
  3 orcs (D:2)
  2 ball pythons (D:2)
  5 endoplasms
  2 giant cockroaches
  6 goblins
  9 hobgoblins
  4 kobolds
  A quokka (D:1)
  3 bats
  3 frilled lizards
  2 rats (D:1)
45 creatures vanquished.

Notes
Turn   | Place    | Note
-------+----------+-------------------------------------------
     0 | D:1      | monsoonserge the Demonspawn Reaver began the quest for the
                  | Orb.
     0 | D:1      | Reached XP level 1. HP: 16/16 MP: 3/3
   197 | D:1      | Discovered your monstrous ancestry.
   197 | D:1      | Gained mutation: You have a pair of small antennae on your
                  | head. [demonic ancestry]
   197 | D:1      | Reached XP level 2. HP: 22/22 MP: 5/5
   590 | D:1      | Reached skill level 1 in Armour
   797 | D:1      | Gained mutation: You have sharp fingernails. [demonic
                  | ancestry]
   797 | D:1      | Reached XP level 3. HP: 27/27 MP: 6/6
   860 | D:2      | Reached skill level 1 in Necromancy
  1503 | D:2      | Gained mutation: You sometimes gain a little power by
                  | taking damage. [demonic ancestry]
  1503 | D:2      | Reached XP level 4. HP: 24/33 MP: 7/7
  1649 | D:2      | Found a runed translucent door.
  1650 | D:2      | Noticed Crazy Yiuf
  1758 | D:2      | Noticed Jessica
  1766 | D:2      | Killed from afar by Jessica

Illustrated notes

Levels and vault maps discovered:
D:1:      erik_arrival_orb_chamber, layout_loops_corners
D:2:      layout_basic, guppyfry_early_orc_mine, uniq_crazy_yiuf_cottage,
          uniq_jessica

Skill      XL: |  1  2  3 |
---------------+----------+-----
Armour         | 1 |  1.9
Necromancy     | 1 |  1.0
Dodging        | 2 |  2.1
Fighting       | |  2.0
Maces & Flails | |  2.9
Stealth        | |  0.2
Shields        | |  0.8
Unarmed Combat | |  0.4
Spellcasting   | |  2.0
Conjurations   | |  3.2

Action                     |  1- 3 |  4- 6 || total
---------------------------+-------+-------++-------
  Melee: Mace              |    45 |       ||    45
         Dagger            |    80 |    12 ||    92
         Punch             |     1 |       ||     1
   Stab: Sleeping          |     1 |       ||     1
 Armour: Leather armour    |    26 |     1 ||    27
  Dodge: Dodged            |    54 |     1 ||    55
  Block: Other             |     2 |       ||     2
         Tower shield      |    43 |     7 ||    50
         Reflection        |     1 |       ||     1
